 Dungeon Sprint DCSS version 0.29-a0-993-g4a18f31a58 (webtiles) character file.

Game seed: 4866923915433465743

4188 Hubris850 the Grappler (level 10, -2/148 HPs)
             Began as a Pale Draconian Transmuter on Aug 2, 2022.
             Was a High Priest of Sif Muna.
             Slain by a freezing wraith (7 damage)
             ... in the Dungeon (Sprint VII: "The Pits").
             The game lasted 00:08:08 (1316 turns).

Hubris850 the Grappler (Pale Draconian Transmuter)  Turns: 1316, Time: 00:08:09

Health: -2/148     AC:  8    Str: 15    XL:     10   Next: 8%
Magic:  17/22      EV: 13    Int: 15    God:    Sif Muna [*****.]
Gold:   0          SH:  0    Dex: 18    Spells: 4/26 levels left

rFire   x . .      SeeInvis .     - Unarmed
rCold   + + +      Faith    .   (shield currently unavailable)
rNeg    . . .      Spirit   .   (body armour unavailable)
rPois   +          Reflect  .   (helmet currently unavailable)
rElec   .          Harm     .   (cloak currently unavailable)
rCorr   .          Rampage  .   (gloves currently unavailable)
Will    .....      NoTele   +   (boots currently unavailable)
Stlth   ..........              (no amulet)
HPRegen 0.34/turn               k - +3 ring of dexterity
MPRegen 0.18/turn               l - +3 ring of dexterity

@: berserking, ice-form, wereblooded, slowed
A: freezing attack, amphibious, boosted hp, (breathe steam), AC +7, large,
unfitting armour, (cold-blooded), (steam resistance)
a: End Transformation, Renounce Religion, Channel Magic, Forget Spell, Divine
Exegesis


You were in the Dungeon.
You worshipped Sif Muna.
Sif Muna was extremely pleased with you.
You were a creature of crystalline ice.
You visited 1 branch

Inventory:

Hand Weapons
 j - a +1 scimitar of flaming
Armour
 p - a +0 pair of gloves (melded)
 q - a +0 cloak (melded)
 r - a +0 pair of boots (melded)
Jewellery
 k - a +3 ring of dexterity (left front paw)
 l - a +3 ring of dexterity (right front paw)
Scrolls
 g - a scroll of blinking
 h - 5 scrolls of amnesia
 i - a scroll of summoning
Potions
 a - a potion of invisibility
 b - 8 potions of curing
 c - 8 potions of heal wounds
 d - a potion of haste
 e - 4 potions of magic
 f - a potion of berserk rage
 m - a potion of might
 n - a potion of brilliance
 o - a potion of resistance


   Skills:
 - Level 6.0 Fighting
 - Level 7.0 Dodging
 - Level 14.0 Unarmed Combat
 - Level 8.7 Spellcasting
 + Level 9.8 Summonings
 - Level 9.4 Transmutations
 - Level 6.3 Ice Magic


You had 4 spell levels left.
You knew the following spells:

 Your Spells              Type           Power      Damage    Failure   Level
a - Beastly Appendage     Tmut           70%        N/A       1%          1
b - Wereblood             Tmut           35%        N/A       1%          2
c - Ice Form              Ice/Tmut       30%        N/A       4%          4
d - Mephitic Cloud        Conj/Pois/Air  6%         N/A       32%         3
e - Summon Hydra          Summ           18%        N/A       86%         7
f - Summon Mana Viper     Hex/Summ       21%        N/A       38%         5

Your spell library contained the following spells:

 Spells                   Type           Power      Damage    Failure   Level
 Spider Form              Tmut/Pois      20%        N/A       4%          3
 Summon Guardian Golem    Hex/Summ       21%        N/A       4%          3
 Ignite Poison            Fire/Tmut/Pois 16%        N/A       9%          3
 Necrotise                Necr           24%        1d5       11%         1
 Summon Lightning Spire   Summ/Air       21%        N/A       14%         4
 Corpse Rot               Necr/Pois/Air  6%         N/A       73%         4
 Iskenderun's Mystic Bla  Conj/Tloc      6%         2d4       73%         4
 Iskenderun's Battlesphe  Conj           6%         2d6       97%         5
 Dispersal                Tloc           3%         N/A       100%        6
 Maxwell's Capacitive Co  Air            3%         ∞         100%        8
 Chain Lightning          Conj/Air       3%         3d4       100%        9


Dungeon Overview and Level Annotations

Branches:
Dungeon (1/1)

Altars:
Ashenzari
Cheibriados
Dithmenos
Elyvilon
Fedhas
Gozag
Hepliaklqana
Kikubaaqudgha
Makhleb
Nemelex Xobeh
Okawaru
Qazlal
Ru
Sif Muna
Trog
Uskayaw
Vehumet
Wu Jian
Xom
Yredelemnul
Zin
The Shining One
Jiyva
Lugonu

Annotations:
D Sonja


Innate Abilities, Weirdness & Mutations

You are a creature of crystalline ice.
You have a powerful freezing melee attack.
You are amphibious.
Your maximum health is increased.
Your armour is entirely melded.
You are incapable of wielding weapons or throwing items.
((You can breathe blasts of scalding, opaque steam.))
((Your pale cyan-grey scales are hard. (AC +7)))
You cannot fit into any form of body armour.
((You are cold-blooded and may be slowed by cold attacks.))
((You are immune to the effects of steam.))


Message History

* * * LOW HITPOINT WARNING * * *
The freezing wraith drains your vigour!
You feel yourself slow down. The lindwurm bites you.
* * * LOW HITPOINT WARNING * * *
The lindwurm claws you.
* * * LOW HITPOINT WARNING * * *
The lindwurm claws you.
* * * LOW HITPOINT WARNING * * *
Unknown command.
You hit the lindwurm. You freeze the lindwurm.
The lindwurm is moderately wounded.
You beat the lindwurm into a bloody pulp!!!
You freeze the lindwurm!
You feel a bit better.
You kill the lindwurm!
Sif Muna accepts your kill. The freezing wraith misses you.
The freezing wraith hits you.
* * * LOW HITPOINT WARNING * * *
The freezing wraith drains your vigour!
You feel as though you will be slow longer.
The ice beast misses you.
Your Summonings skill increases to level 9!
You have reached level 10!
You barely miss the ice beast.
Sonja throws a curare-tipped dart.
The curare-tipped dart barely misses you.
The curare-tipped dart hits the ice beast.
The freezing wraith hits you but does no damage.
The freezing wraith hits you.
* * * LOW HITPOINT WARNING * * *
The freezing wraith drains your vigour!
You feel as though you will be slow longer.
The ice beast misses you.
You punch the ice beast!
The ice beast is heavily wounded.
You howl as the wereblood boils in your veins!
Sonja throws a curare-tipped dart.
The curare-tipped dart closely misses you.
The curare-tipped dart hits the ice beast.
The ice beast hits you but does no damage.
The freezing wraith hits you!
You die...

.....#..#......#
...............+
...............+
.....#..#......#
...............#
##'#####''######
......##''################
......##..#....W.........#
......##..##...YY..K......
..<...##..####.†.#'######
......##†)#..#####.##
......##..#....##...#
......##..'.....#...#
########..'.....'...+
########..'.....#...#
.#..[.##..#....##...#
.#....##..#..#####.##


You could see a freezing wraith, Sonja and an ice beast.

Vanquished Creatures
  A boulder beetle (D)
  A bog body (D)
  A lindwurm (D)
  A deep elf zephyrmancer (D)
  An efreet (D)
  Prince Ribbit (D)
  5 yaks (D)
  2 fire bats (D)
  2 floating eyes (D)
  A sky beast (D)
  An orc warrior (D)
  An ice beast (D)
  A small abomination (D)
  A scorpion (D)
  4 killer bees (D)
  A jelly (D)
  An iron imp (D)
  A river rat (D)
  2 ufetubi (D)
  An adder skeleton (D)
  4 orcs (D)
  A bat skeleton (D)
  An endoplasm (D)
  A giant cockroach (D)
  A goblin (D)
  A hobgoblin (D)
  A kobold (D)
  A frilled lizard (D)
  A rat (D)
42 creatures vanquished.

Notes
Turn   | Place    | Note
-------+----------+-------------------------------------------
     0 | D        | Hubris850 the Draconian Transmuter began the quest for the
                  | Orb.
     0 | D        | Reached XP level 1. HP: 16/16 MP: 3/3
     9 | D        | Noticed a scorpion
    15 | D        | Killed a scorpion
    16 | D        | Reached skill level 5 in Spellcasting
    16 | D        | Reached skill level 5 in Transmutations
    16 | D        | Reached XP level 2. HP: 23/23 MP: 2/8
    16 | D        | Reached XP level 3. HP: 28/28 MP: 2/9
    97 | D        | Found a glowing golden altar of the Shining One.
    97 | D        | Found a glowing silver altar of Zin.
    97 | D        | Found a basalt altar of Yredelemnul.
    97 | D        | Found a shimmering altar of Xom.
    97 | D        | Found an ornate altar of the Wu Jian Council.
    97 | D        | Found a bloodstained altar of Trog.
    97 | D        | Found a shimmering blue altar of Sif Muna.
    97 | D        | Found a sacrificial altar of Ru.
    97 | D        | Found a stormy altar of Qazlal.
    97 | D        | Found an iron altar of Okawaru.
    97 | D        | Found a sparkling altar of Nemelex Xobeh.
    97 | D        | Found a burning altar of Makhleb.
    97 | D        | Found a viscous altar of Jiyva.
    97 | D        | Found a hazy altar of Hepliaklqana.
    97 | D        | Found an opulent altar of Gozag.
    97 | D        | Found a blossoming altar of Fedhas.
    97 | D        | Found a white marble altar of Elyvilon.
    97 | D        | Found a shadowy altar of Dithmenos.
    97 | D        | Found a snail-covered altar of Cheibriados.
    98 | D        | Found a radiant altar of Vehumet.
    98 | D        | Found a corrupted altar of Lugonu.
    99 | D        | Found an ancient bone altar of Kikubaaqudgha.
    99 | D        | Found a hide-covered altar of Uskayaw.
    99 | D        | Found a broken altar of Ashenzari.
   100 | D        | Became a worshipper of Sif Muna the Loreminder
   110 | D        | Learned a level 2 spell: Wereblood
   123 | D        | Noticed a floating eye
   124 | D        | Reached * piety under Sif Muna
   125 | D        | Paralysed by a floating eye for 2 turns
   127 | D        | Killed a floating eye
   128 | D        | Reached XP level 4. HP: 35/35 MP: 8/13
   128 | D        | Reached XP level 5. HP: 40/40 MP: 8/14
   134 | D        | Learned a level 4 spell: Ice Form
   135 | D        | Noticed a floating eye
   138 | D        | Killed a floating eye
   139 | D        | Reached ** piety under Sif Muna
   143 | D        | Reached XP level 6. HP: 47/47 MP: 6/16
   207 | D        | Noticed an ice beast
   218 | D        | Killed an ice beast
   219 | D        | Reached skill level 5 in Ice Magic
   221 | D        | Reached *** piety under Sif Muna
   292 | D        | Noticed Prince Ribbit
   292 | D        | Noticed an orc warrior
   292 | D        | Noticed a fire bat
   294 | D        | Noticed a fire bat
   299 | D        | Killed a fire bat
   300 | D        | Reached skill level 4 in Unarmed Combat
   300 | D        | Your scales start taking on a pale cyan-grey colour.
   300 | D        | Reached XP level 7. HP: 28/57 MP: 12/18
   300 | D        | Gained mutation: You are immune to the effects of steam.
                  | [Pale Draconian growth]
   302 | D        | Killed a fire bat
   303 | D        | Reached skill level 6 in Unarmed Combat
   311 | D        | Killed Prince Ribbit
   311 | D        | Reached **** piety under Sif Muna
   312 | D        | Reached skill level 5 in Fighting
   312 | D        | Reached skill level 7 in Unarmed Combat
   318 | D        | Reached skill level 5 in Dodging
   461 | D        | Reached skill level 8 in Unarmed Combat
   461 | D        | Reached XP level 8. HP: 70/70 MP: 14/20
   470 | D        | Reached ***** piety under Sif Muna
   471 | D        | Received a gift from Sif Muna
   478 | D        | Got Adechaor's Writings on Combat Magic {god gift}
   503 | D        | Noticed a bog body
   504 | D        | Noticed an efreet
   509 | D        | Killed an efreet
   510 | D        | Reached skill level 9 in Unarmed Combat
   515 | D        | Killed a bog body
   516 | D        | Reached skill level 11 in Unarmed Combat
   827 | D        | Received a gift from Sif Muna
   828 | D        | Reached skill level 12 in Unarmed Combat
   828 | D        | Reached XP level 9. HP: 75/75 MP: 17/21
   835 | D        | Reached skill level 13 in Unarmed Combat
   839 | D        | Received a gift from Sif Muna
   843 | D        | Reached skill level 14 in Unarmed Combat
   846 | D        | Got Sif Muna's Handbook of Putrid Coordinates {god gift}
   846 | D        | Got Sif Muna's Verses on the Helpful Mortuary {god gift}
   991 | D        | Learned a level 3 spell: Mephitic Cloud
   999 | D        | Learned a level 7 spell: Summon Hydra
  1028 | D        | Noticed a deep elf zephyrmancer
  1028 | D        | Noticed a boulder beetle
  1038 | D        | Killed a boulder beetle
  1042 | D        | Killed a deep elf zephyrmancer
  1042 | D        | Received a gift from Sif Muna
  1045 | D        | Got Lixzax's Spellbook of Cloudy Glamour {god gift}
  1055 | D        | Learned a level 5 spell: Summon Mana Viper
  1301 | D        | Noticed a freezing wraith
  1302 | D        | Noticed Sonja
  1302 | D        | Noticed a lindwurm
  1312 | D        | HP: 5/134 [lindwurm (2)]
  1314 | D        | Killed a lindwurm
  1315 | D        | Reached XP level 10. HP: 7/83 MP: 17/22
  1316 | D        | Slain by a freezing wraith

Illustrated notes

Levels and vault maps discovered:
D:        pitsprint [storerooms_1, entrance_room_1, metal_vault_1, armoury_2,
          mini_pit_1, grid_room_1, main_hall_1, silver_pit, the_coven_3,
          the_vestibule_1, steel_vault_3, golden_pit, hallway_of_sentries,
          crystal_vault_2, iron_vault_5, final_vault]

Skill      XL: |  1  2  3  4  5  6  7  8  9 |
---------------+----------------------------+-----
Spellcasting   | 5 7 8 |  8.7
Transmutations | 5 7 8 9 |  9.4
Ice Magic      | 4 6 |  6.3
Fighting       | 3 5 6 |  6.0
Dodging        | 2 5 7 |  7.0
Unarmed Combat | 4 8 12 14 | 14.0
Summonings     | 9 |  9.8

Action                   |  1- 3 |  4- 6 |  7- 9 | 10-12 || total
-------------------------+-------+-------+-------+-------++-------
Melee: Unarmed           |    14 |    14 |    81 |     2 ||   111
       Kick              |     2 |       |       |       ||     2
       Headbutt          |     2 |       |       |       ||     2
       Tailslap          |       |       |     1 |       ||     1
 Cast: Beastly Appendage |     2 |       |       |       ||     2
       Wereblood         |     1 |     2 |     5 |       ||     8
       Ice Form          |       |     3 |     6 |       ||     9
 Abil: Breathe Steam     |       |       |     1 |       ||     1
       End Transformatio |       |       |     1 |       ||     1
  Use: Potion            |     1 |       |     7 |       ||     8
 Stab: Sleeping          |     1 |       |     5 |       ||     6
       Invisible         |       |       |     1 |       ||     1
Armor: Skin              |     3 |    10 |    30 |     2 ||    45
Dodge: Dodged            |     9 |     8 |    61 |     3 ||    81

Table legend: (Time is in decaauts)
 A = Elapsed time spent in this place.
 B = Non-inter-level travel time spent in this place.
 C = Inter-level travel time spent in this place.
 D = Time resting spent in this place.
 E = Time spent auto-exploring this place.
 F = Levels seen in this place.
 G = Mean time per level.
                   A        B        C        D        E       F      G
               +--------+--------+--------+--------+--------+-----+--------+
         Total |   1333 |   1301 |     32 |    828 |      0 |   1 | 1333.0 |
       Dungeon |   1333 |   1301 |     32 |    828 |      0 |   1 | 1333.0 |
               +--------+--------+--------+--------+--------+-----+--------+

Top non-repeatable levels by time:
       D: 1333 daAuts
